Unix NetHack Version 3.7.0-53 Work-in-progress - last build Apr 18 2022 03:42:42 (02b85442fffe0e2954e411e09df771b56fe27bbc,branch:master). Game began 2022-04-17 21:58:55, ended 2022-04-18 07:26:30. Arasaka, chaotic female elven Wizard ------------- |*........)C| -------- |.....*...).|# |......| |...-----...|########...)...| |...|.{.|....### |..<...| |..*.{.{|*..| -------- # |...|.{.|...| ##..d.-----...| |.@...*.....| |*........lC| ------------- Arasaka the Conjurer St:11 Dx:14 Co:12 In:19 Wi:10 Ch:10 Chaotic Dlvl:5 $:39 HP:0(22) Pw:11(43) AC:9 Xp:4/82 T:1260 Latest messages: The statue shatters. In what direction? The statue shatters. You see here 43 rocks. You kill the coyote! You see here a coyote corpse. There is a coyote corpse here; eat it? [ynq] (n) Blecch! Rotten food! You finish eating the coyote corpse. The hobbit wields a dagger! You miss the hobbit. You hit the hobbit. The hobbit thrusts his dagger. The hobbit hits! Please move the cursor to an unknown object. (For instructions type a '?') What do you want to use or apply? [bcklu or ?*] Improvise? [ynq] (q) You start playing your tooled horn. You produce a frightful, grave sound. The little dog turns to flee. The hobbit turns to flee. The hobbit throws a throwing star! You are hit by a throwing star! You kill the hobbit! Welcome to experience level 4. You feel awake! A - a dagger. You see here a throwing star. You see here 50 rocks. In what direction? The statue shatters. In what direction? The spell misses the little dog. You see here 50 rocks. You see here 27 rocks. You see here 27 rocks. "Hello, Arasaka, welcome to Delphi!" The little dog bites! In what direction? The spell misses the little dog. The little dog bites! The little dog bites! What do you want to use or apply? [bcklu or ?*] Improvise? [ynq] (q) You start playing your tooled horn. You produce a frightful, grave sound. The little dog turns to flee. The little dog bites! You die... Major events: Turn 1: Arasaka the chaotic female elven Wizard entered the dungeon 894: attained the rank of Conjurer (level 3) 973: entered the Gnomish Mines 1260: killed by a little dog Inventory: Coins ('$') $ - 39 gold pieces Weapons (')') A - an uncursed +0 dagger q - a cursed -1 orcish dagger a - a blessed +1 quarterstaff (weapon in hands) Armor ('[') m - an uncursed +0 cloak of magic resistance (being worn) Comestibles ('%') t - 2 uncursed food rations w - an uncursed melon x - an uncursed orange p - an uncursed tripe ration Scrolls ('?') z - a blessed scroll of blank paper v - a blessed scroll of confuse monster s - 3 uncursed scrolls of enchant armor j - an uncursed scroll of identify i - 2 blessed scrolls of magic mapping y - a blessed scroll of magic mapping Spellbooks ('+') l - an uncursed spellbook of confuse monster k - a blessed spellbook of force bolt Potions ('!') n - an uncursed potion of blindness h - a blessed potion of confusion g - a blessed potion of full healing f - an uncursed potion of levitation r - an uncursed potion of sleeping o - a potion of holy water Rings ('=') d - an uncursed ring of searching e - an uncursed ring of teleport control Wands ('/') c - an uncursed wand of digging (0:8) u - an uncursed wand of nothing (0:10) Tools ('(') b - an uncursed tooled horn Arasaka the Wizard's attributes: Background: You were a Conjurer, a level 4 female elven Wizard. You were chaotic, nominally on a mission for Anhur who was opposed by Ptah (lawful) and Thoth (neutral). You were in the Dungeons of Doom, on level 5. You entered the dungeon 1260 turns ago. There was a full moon in effect when your adventure ended. You had 82 experience points, 78 more were needed to attain level 5. Basics: You had 0 out of 22 hit points. You had 11 out of 43 energy points (spell power). Your armor class was 9. Your wallet contained 39 zorkmids. Autopickup was on for '$"?' plus thrown, with exceptions. Final Characteristics: Your strength was 11 (limit:18). Your dexterity was 14 (limit:18). Your constitution was 12 (limit:16). Your intelligence was 19 (limit:20). Your wisdom was 10 (limit:20). Your charisma was 10 (limit:18). Final Status: You were not hungry. You were unencumbered. You were wielding a quarterstaff. You had basic skill with quarterstaff. Final Attributes: You were devoutly aligned. You were magic-protected. You were sleep resistant. You were telepathic. You had infravision. You were warded. You were lucky. You are dead. Miscellaneous: You disabled loading of bones levels. Total elapsed playing time was 6 minutes and 27 seconds. Vanquished creatures: 2 floating eyes 2 acid blobs 3 coyotes 2 hobbits a large kobold a brown mold 3 geckos 3 jackals a fox a goblin 3 grid bugs a lichen 5 newts 28 creatures vanquished. No species were genocided or became extinct. Voluntary challenges: You were an atheist. You read items or engraved 2 times. You never engraved Elbereth. You never genocided any monsters. You never polymorphed an object. You never changed form. You used no wishes. Achievements: You attained the rank of Conjurer. You entered the Gnomish Mines. The Dungeons of Doom: levels 1 to 5 Level 1: "v" A fountain. Level 2: Level 3: "v" A fountain. Level 4: Stairs down to The Gnomish Mines. Level 5: <- You were here. Many fountains. Oracle of Delphi. Final resting place for you, killed by a little dog. The Gnomish Mines: levels 5 to 6 Level 5: Level 6: Game over: ---------- / \ / REST \ / IN \ / PEACE \ / \ | Arasaka | | 39 Au | | killed by a | | little dog | | | | | | 2022 | *| * * * | * _________)/\\_//(\/(/\)/\//\/|_)_______ Goodbye Arasaka the Wizard... You died in The Dungeons of Doom on dungeon level 5 with 614 points, and 39 pieces of gold, after 1260 moves. You were level 4 with a maximum of 22 hit points when you died.